 Dungeon Crawl Stone Soup version 0.20-a0-494-gf50ee04 (webtiles) character file.

170 mopl the Insei (level 5, -2/37 HPs)
             Began as a Barachian Transmuter on Jan 17, 2017.
             Slain by Sigmund
             ... wielding a +0 scythe
              (7 damage)
             ... on level 3 of the Dungeon.
             The game lasted 00:03:48 (2401 turns).

mopl the Insei (Barachian Transmuter)               Turns: 2401, Time: 00:03:48

Health: -2/37      AC:  2    Str:  9    XL:     5   Next: 51%
Magic:  6/8        EV: 19    Int: 12    God:
Gold:   154        SH:  0    Dex: 16    Spells: 2/8 levels left

rFire    . . .     SeeInvis .     - Unarmed
rCold    . . .     Gourm    .   (armour currently unavailable)
rNeg     . . .     Faith    .   (shield currently unavailable)
rPois    x         Spirit   .   (helmet currently unavailable)
rElec    .         Reflect  .   (cloak currently unavailable)
rCorr    .         Harm     .   (gloves currently unavailable)
MR       .....                  (boots currently unavailable)
Stlth    +.........             (no amulet)
Regen    0.2/turn               (no ring)
                                (no ring)

@: spider-form (expiring)
A: swims, (slowness 0), (strong legs 0)
a: End Transformation


You were on level 3 of the Dungeon.
You were not hungry.
You were a venomous arachnid creature.
You visited 1 branch of the dungeon, and saw 3 of its levels.

You collected 154 gold pieces.

Inventory:

Missiles
 a - 74 arrows
 m - 8 javelins (quivered)
Armour
 b - a +0 robe (melded)
 j - a +0 pair of gloves (melded)
 l - a +0 helmet (melded)
Scrolls
 e - a scroll of identify {unknown}
 n - a scroll of fear {unknown}
Potions
 f - a potion of haste {unknown}
 g - a potion of agility {unknown}
 h - a potion of heal wounds {unknown}
 i - 2 potions of curing {unknown}
 k - a potion of ambrosia {unknown}
Books
 c - a book of Changes

   Spells                             Type                      Level
   a - Beastly Appendage              Transmutation                1
   b - Sticks to Snakes               Transmutation                2
   c - Spider Form                    Transmutation/Poison         3
   d - Ice Form                       Ice/Transmutation            4
   e - Blade Hands                    Transmutation                5
Comestibles
 d - 2 bread rations
 o - a slice of pizza


   Skills:
 - Level 1.1 Fighting
 - Level 2.0 Dodging
 * Level 5.1 Unarmed Combat
 - Level 2.0 Spellcasting
 + Level 3.1 Transmutations
 + Level 1.5 Poison Magic


You had 2 spell levels left.
You knew the following spells:

 Your Spells              Type           Power        Failure   Level  Hunger
a - Beastly Appendage     Tmut           #.....       24%         1    ##.....
b - Spider Form           Tmut/Pois      #.........   56%         3    ####...
w - Sticks to Snakes      Tmut           #.......     28%         2    ###....


Dungeon Overview and Level Annotations

Branches:
Dungeon (3/15)

Altars:
Nemelex Xobeh

Annotations:
D:3 Sigmund


Innate Abilities, Weirdness & Mutations

You can swim through water.
((You cover ground slowly.))
((You can hop short distances.))


Message History

Your transformation is almost over.
The rat bites you.
Sigmund casts a spell.
Sigmund flickers and vanishes!
Deactivating autopickup; reactivate with Ctrl-A.
You see here a giant cockroach corpse.
You barely miss the rat. The rat bites you. Something barely misses you.
You hit the rat.
You kill the rat!
Something hits you!
You barely miss something. You closely miss something.
You hear some strange, mumbled words.
A magic dart appears from out of thin air!
The magic dart hits you!
* * * LOW HITPOINT WARNING * * *
You completely miss something. Something hits you!
* * * LOW HITPOINT WARNING * * *
You hit something. Something hits you!
You die...

#.#...#.####
#.##.......# #
#.##.......##.#..
.............#.....
.##.##.......#...$.
# #.##..........
#.##..........
#...{.........
####s###......
#†###......
#...%......
#.....#......
#.....# .#.#
#.....# # #.....#
#.....# #######


There were no monsters in sight!

Vanquished Creatures
  2 orc wizards (D:3)
  An adder (D:2)
  4 gnolls (D:2)
  A worm (D:3)
  3 dart slugs
  A leopard gecko (D:1)
  3 orcs (D:3)
  2 ball pythons
  4 giant cockroaches
  3 goblins
  3 hobgoblins
  6 jackals
  6 bats
  2 frilled lizards (D:2)
  8 kobolds
  7 rats
56 creatures vanquished.

Notes
Turn   | Place    | Note
-------+----------+-------------------------------------------
     0 | D:1      | mopl the Barachian Transmuter began the quest for the Orb.
     0 | D:1      | Reached XP level 1. HP: 15/15 MP: 3/3
   187 | D:1      | Reached XP level 2. HP: 16/21 MP: 3/5
   202 | D:1      | Learned a level 2 spell: Sticks to Snakes
   782 | D:1      | Found a sparkling altar of Nemelex Xobeh.
   825 | D:1      | Reached XP level 3. HP: 24/26 MP: 6/6
   833 | D:1      | Learned a level 3 spell: Spider Form
  1080 | D:2      | Reached skill level 4 in Unarmed Combat
  1335 | D:2      | Reached XP level 4. HP: 20/32 MP: 3/7
  1347 | D:2      | Reached skill level 1 in Poison Magic
  1622 | D:2      | Found a sparkling altar of Nemelex Xobeh.
  1843 | D:3      | Reached skill level 3 in Transmutations
  1843 | D:3      | Reached XP level 5. HP: 8/37 MP: 0/8
  2170 | D:3      | Reached skill level 5 in Unarmed Combat
  2385 | D:3      | Noticed Sigmund
  2401 | D:3      | Slain by Sigmund

Vault maps used:
D:1:      evilmike_arrival_home_sweet_home, nrook_mini_backslash,
          nemelex_diamond_rough_becter
D:2:      nemelex_xobeh_ov_fountains_minmay
D:3:      first_bread, uniq_sigmund

Skill      XL: |  1  2  3  4  5 |
---------------+----------------+-----
Unarmed Combat | 4 5 |  5.1
Poison Magic   | 1 |  1.5
Transmutations | 3 |  3.1
Fighting       | |  1.1
Dodging        | |  2.0
Spellcasting   | |  2.0

Action                   |  1- 3 |  4- 6 || total
-------------------------+-------+-------++-------
Melee: Unarmed           |   112 |    86 ||   198
       Headbutt          |     2 |       ||     2
       Kick              |     6 |       ||     6
 Cast: Beastly Appendage |    16 |       ||    16
       Spider Form       |     3 |     7 ||    10
 Abil: End Transformatio |     1 |       ||     1
 Stab: Sleeping          |     1 |     2 ||     3
       Distracted        |       |     1 ||     1
  Eat: Chunk             |     3 |     5 ||     8
Armor: Robe              |    22 |    10 ||    32
       Skin              |     2 |       ||     2
Dodge: Dodged            |    79 |    57 ||   136
